[ AOE2 MATCH · #495837017 ]
UnrankedVietnamese vs Cumans
[ REPLAY ANALYSIS · EXTRACTED FROM THE RECORDED GAME ]
Feudal
14:32
Castle
18:40
Imperial
—
| APM avg | 42.2 |
| APM peak | 81 |
| eAPM avg | 23.5 |
| Villagers / military | 123 / 165 |
Focus
⚔️ 31.9% · 🌾 68.1%
Rattan Archer ×120 · Fire Lancer ×40 · Battering Ram ×3 · Mangonel ×2 · Trade Cart ×1
Feudal
12:32
Castle
24:07
Imperial
—
| APM avg | 47.0 |
| APM peak | 85 |
| eAPM avg | 19.8 |
| Villagers / military | 133 / 112 |
Focus
⚔️ 20.5% · 🌾 79.5%
Knight ×97 · Scout Cavalry ×9 · Spearman ×3 · Camel Scout ×3
Feudal
11:30
Castle
28:40
Imperial
50:07
| APM avg | 29.9 |
| APM peak | 73 |
| eAPM avg | 16.1 |
| Villagers / military | 138 / 122 |
Focus
⚔️ 32.6% · 🌾 67.4%
Knight ×52 · Scout Cavalry ×45 · Archer ×11 · Magyar Huszar ×10 · Skirmisher ×3 · Spearman ×1
Feudal
16:25
Castle
27:27
Imperial
45:28
| APM avg | 24.8 |
| APM peak | 54 |
| eAPM avg | 13.8 |
| Villagers / military | 64 / 152 |
Focus
⚔️ 43.8% · 🌾 56.2%
Spearman ×68 · Skirmisher ×63 · Militia ×12 · Battering Ram ×9
Feudal
13:36
Castle
26:53
Imperial
51:54
| APM avg | 45.0 |
| APM peak | 84 |
| eAPM avg | 23.4 |
| Villagers / military | 151 / 101 |
Focus
⚔️ 27.7% · 🌾 72.3%
Cavalry Archer ×52 · Knight ×14 · Spearman ×12 · Scout Cavalry ×9 · Monk ×4 · Militia ×3
Feudal
15:32
Castle
38:30
Imperial
—
| APM avg | 24.7 |
| APM peak | 76 |
| eAPM avg | 12.7 |
| Villagers / military | 84 / 22 |
Focus
⚔️ 30.3% · 🌾 69.7%
Coustillier ×15 · Skirmisher ×7
Match map
Initial resources + every placement click. Lines = walls · curves = elevation contours. ◆ gold · ⬟ stone · ● berries · ✦ relic · ◌ wall gap
Your base· Open — 10t gap
Safi's base· Open — 14t gap
LMG_Leonardo's base· Open — 5t gap
Khruner's base· Open — 7t gap
LMG_SON SABANDIJAS's base· Open — unwalled flank
lucasmauriciogona's base· Open — unwalled flank
Smoothed initial terrain · ◌ = detected wall gap · hover for details
Inputs per minute
— LMG_HERA DE TEMU - - Safi
Build order — LMG_HERA DE TEMU
First 150 of 395 actions detected
| 0:04 | Build | Town Center |
| 0:10 | Build | House |
| 0:19 | Build | House |
| 2:36 | Create | Villager (Male) |
| 2:36 | Create | Villager (Male) |
| 2:37 | Create | Villager (Male) |
| 2:37 | Create | Villager (Male) |
| 2:37 | Create | Villager (Male) |
| 2:37 | Create | Villager (Male) |
| 3:58 | Create | Villager (Male) |
| 3:59 | Create | Villager (Male) |
| 3:59 | Create | Villager (Male) |
| 4:41 | Create | Villager (Male) |
| 4:42 | Create | Villager (Male) |
| 4:42 | Create | Villager (Male) |
| 4:42 | Create | Villager (Male) |
| 4:56 | Research | Loom |
| 4:57 | Create | Villager (Male) |
| 4:58 | Create | Villager (Male) |
| 4:58 | Create | Villager (Male) |
| 5:13 | Build | Lumber Camp |
| 5:32 | Create | Villager (Male) |
| 5:32 | Create | Villager (Male) |
| 6:46 | Create | Villager (Male) |
| 6:46 | Create | Villager (Male) |
| 7:35 | Build | Mill |
| 7:53 | Create | Villager (Male) |
| 7:53 | Create | Villager (Male) |
| 7:54 | Create | Villager (Male) |
| 7:54 | Create | Villager (Male) |
| 8:15 | Build | House |
| 8:23 | Build | House |
| 8:34 | Build | House |
| 9:13 | Create | Villager (Male) |
| 9:14 | Create | Villager (Male) |
| 9:49 | Build | Mill |
| 9:53 | Create | Villager (Male) |
| 9:54 | Create | Villager (Male) |
| 9:54 | Create | Villager (Male) |
| 10:46 | Build | Mill |
| 10:50 | Create | Villager (Male) |
| 10:50 | Create | Villager (Male) |
| 11:09 | Build | House |
| 11:13 | Build | House |
| 11:38 | Research | Feudal Age |
| 12:05 | Build | Mining Camp |
| 12:34 | Create | Villager (Male) |
| 12:34 | Create | Villager (Male) |
| 14:32 | Age | Feudal Age |
| 14:34 | Build | Market |
| 14:36 | Build | Blacksmith |
| 15:22 | Build | Mining Camp |
| 16:00 | Research | Castle Age |
| 16:00 | Research | Castle Age |
| 16:00 | Research | Castle Age |
| 16:10 | Build | Palisade Wall |
| 16:20 | Build | Palisade Wall |
| 16:29 | Build | Palisade Wall |
| 16:30 | Build | Palisade Wall |
| 16:31 | Build | Palisade Wall |
| 16:35 | Build | Palisade Wall |
| 16:41 | Build | Palisade Wall |
| 16:44 | Build | Palisade Wall |
| 16:48 | Build | Palisade Wall |
| 17:02 | Build | Palisade Gate |
| 17:07 | Build | Palisade Wall |
| 17:10 | Build | Palisade Wall |
| 17:31 | Build | Palisade Wall |
| 18:13 | Build | Palisade Wall |
| 18:14 | Build | Palisade Wall |
| 18:15 | Build | Palisade Wall |
| 18:34 | Create | Villager (Male) |
| 18:34 | Create | Villager (Male) |
| 18:40 | Age | Castle Age |
| 19:12 | Build | Castle |
| 19:28 | Create | Villager (Male) |
| 19:29 | Create | Villager (Male) |
| 19:29 | Create | Villager (Male) |
| 19:32 | Research | Double-Bit Axe |
| 20:06 | Research | Bow Saw |
| 21:22 | Create | Rattan Archer |
| 21:22 | Create | Rattan Archer |
| 21:22 | Create | Rattan Archer |
| 21:23 | Create | Rattan Archer |
| 21:23 | Create | Rattan Archer |
| 21:23 | Create | Rattan Archer |
| 21:23 | Create | Rattan Archer |
| 21:38 | Build | Mining Camp |
| 22:32 | Create | Rattan Archer |
| 22:33 | Create | Rattan Archer |
| 22:33 | Create | Rattan Archer |
| 22:33 | Create | Rattan Archer |
| 22:35 | Create | Villager (Male) |
| 22:36 | Create | Villager (Male) |
| 22:36 | Create | Villager (Male) |
| 22:36 | Create | Villager (Male) |
| 22:53 | Create | Rattan Archer |
| 22:53 | Create | Rattan Archer |
| 22:53 | Create | Rattan Archer |
| 22:53 | Create | Rattan Archer |
| 23:25 | Create | Rattan Archer |
| 23:25 | Create | Rattan Archer |
| 23:26 | Create | Rattan Archer |
| 23:26 | Create | Rattan Archer |
| 23:26 | Create | Rattan Archer |
| 24:02 | Create | Rattan Archer |
| 24:02 | Create | Rattan Archer |
| 24:02 | Create | Rattan Archer |
| 24:02 | Create | Rattan Archer |
| 24:37 | Build | Farm |
| 24:38 | Build | Farm |
| 24:50 | Research | Town Watch |
| 25:05 | Build | Siege Workshop |
| 25:27 | Research | Fletching |
| 25:34 | Create | Villager (Male) |
| 25:34 | Create | Villager (Male) |
| 25:43 | Create | Villager (Male) |
| 25:43 | Create | Villager (Male) |
| 25:43 | Create | Villager (Male) |
| 25:44 | Create | Villager (Male) |
| 25:44 | Create | Villager (Male) |
| 25:52 | Create | Battering Ram |
| 25:52 | Create | Battering Ram |
| 26:06 | Research | Padded Archer Armor |
| 26:41 | Create | Battering Ram |
| 27:00 | Create | Rattan Archer |
| 27:00 | Create | Rattan Archer |
| 27:17 | Create | Rattan Archer |
| 27:18 | Create | Rattan Archer |
| 27:22 | Build | House |
| 27:31 | Build | House |
| 28:17 | Create | Rattan Archer |
| 28:17 | Create | Rattan Archer |
| 28:18 | Create | Rattan Archer |
| 28:35 | Create | Mangonel |
| 28:35 | Create | Mangonel |
| 28:56 | Create | Trade Cart |
| 29:00 | Create | Villager (Male) |
| 29:00 | Create | Villager (Male) |
| 29:00 | Create | Villager (Male) |
| 29:51 | Create | Rattan Archer |
| 29:51 | Create | Rattan Archer |
| 29:51 | Create | Rattan Archer |
| 30:47 | Create | Rattan Archer |
| 30:48 | Create | Rattan Archer |
| 30:48 | Create | Rattan Archer |
| 30:48 | Create | Rattan Archer |
| 30:48 | Create | Rattan Archer |
| 31:04 | Create | Villager (Male) |
| 31:04 | Create | Villager (Male) |
Build order — Safi
First 150 of 317 actions detected
| 0:23 | Build | Town Center |
| 0:57 | Build | House |
| 2:20 | Create | Villager (Male) |
| 2:20 | Create | Villager (Male) |
| 2:21 | Create | Villager (Male) |
| 2:21 | Create | Villager (Male) |
| 3:17 | Create | Villager (Male) |
| 3:17 | Create | Villager (Male) |
| 3:17 | Create | Villager (Male) |
| 3:41 | Create | Villager (Male) |
| 3:41 | Create | Villager (Male) |
| 4:28 | Build | Lumber Camp |
| 4:29 | Create | Villager (Male) |
| 4:40 | Build | House |
| 4:45 | Create | Villager (Male) |
| 5:07 | Research | Loom |
| 5:09 | Create | Villager (Male) |
| 5:38 | Create | Villager (Male) |
| 6:06 | Create | Villager (Male) |
| 6:09 | Build | House |
| 6:39 | Create | Villager (Male) |
| 7:01 | Create | Villager (Male) |
| 7:01 | Create | Villager (Male) |
| 7:39 | Build | Mill |
| 8:10 | Create | Villager (Male) |
| 8:11 | Create | Villager (Male) |
| 8:29 | Build | House |
| 8:48 | Create | Villager (Male) |
| 9:24 | Create | Villager (Male) |
| 9:39 | Create | Villager (Male) |
| 10:22 | Research | Feudal Age |
| 10:22 | Research | Feudal Age |
| 10:45 | Build | Barracks |
| 11:28 | Build | House |
| 12:25 | Create | Villager (Male) |
| 12:25 | Create | Villager (Male) |
| 12:29 | Create | Villager (Male) |
| 12:32 | Age | Feudal Age |
| 12:34 | Build | Stable |
| 12:43 | Build | House |
| 13:06 | Build | Mill |
| 13:12 | Create | Scout Cavalry |
| 13:12 | Create | Scout Cavalry |
| 13:12 | Create | Scout Cavalry |
| 13:13 | Create | Scout Cavalry |
| 13:40 | Create | Villager (Male) |
| 13:40 | Create | Villager (Male) |
| 14:08 | Create | Villager (Male) |
| 14:13 | Build | House |
| 14:23 | Create | Scout Cavalry |
| 14:24 | Create | Scout Cavalry |
| 14:24 | Create | Villager (Male) |
| 14:59 | Create | Villager (Male) |
| 15:02 | Build | Farm |
| 15:02 | Build | Farm |
| 15:15 | Build | Farm |
| 15:15 | Build | Farm |
| 15:34 | Create | Scout Cavalry |
| 15:34 | Create | Scout Cavalry |
| 15:34 | Create | Villager (Male) |
| 15:41 | Create | Villager (Male) |
| 16:10 | Create | Villager (Male) |
| 16:25 | Build | Blacksmith |
| 16:46 | Create | Villager (Male) |
| 16:58 | Build | House |
| 16:58 | Build | House |
| 17:04 | Create | Scout Cavalry |
| 17:12 | Build | House |
| 17:12 | Build | House |
| 17:42 | Research | Wheelbarrow |
| 18:32 | Research | Bloodlines |
| 18:35 | Create | Villager (Male) |
| 18:35 | Create | Villager (Male) |
| 19:03 | Create | Spearman |
| 19:03 | Create | Spearman |
| 19:11 | Build | Mill |
| 19:18 | Build | Farm |
| 19:19 | Build | Farm |
| 19:37 | Create | Villager (Male) |
| 20:08 | Create | Spearman |
| 20:08 | Create | Villager (Male) |
| 20:13 | Build | House |
| 20:31 | Create | Villager (Male) |
| 20:40 | Build | Market |
| 20:59 | Create | Villager (Male) |
| 21:23 | Research | Castle Age |
| 21:24 | Research | Castle Age |
| 21:49 | Build | Stable |
| 21:53 | Research | Scale Barding Armor |
| 21:57 | Build | House |
| 22:02 | Build | House |
| 22:23 | Build | House |
| 22:56 | Build | Farm |
| 22:57 | Build | Farm |
| 22:57 | Build | Farm |
| 23:01 | Build | House |
| 23:36 | Research | Forging |
| 23:36 | Research | Forging |
| 23:46 | Build | Stable |
| 23:59 | Create | Villager (Male) |
| 24:07 | Age | Castle Age |
| 24:08 | Build | Mill |
| 24:11 | Create | Knight ×5 |
| 24:11 | Create | Knight ×5 |
| 24:11 | Create | Knight ×5 |
| 24:49 | Create | Knight ×2 |
| 24:49 | Create | Knight ×2 |
| 24:55 | Build | Farm |
| 24:55 | Build | Farm |
| 24:55 | Build | Farm |
| 24:56 | Build | Farm |
| 24:58 | Create | Villager (Male) |
| 25:03 | Build | Mining Camp |
| 25:15 | Create | Knight |
| 25:15 | Create | Knight |
| 25:29 | Create | Knight |
| 25:30 | Create | Knight |
| 25:35 | Create | Villager (Male) |
| 25:35 | Create | Villager (Male) |
| 26:01 | Create | Villager (Male) |
| 26:04 | Build | Mining Camp |
| 26:18 | Create | Villager (Male) |
| 26:22 | Build | Mining Camp |
| 26:29 | Create | Villager (Male) |
| 26:39 | Create | Villager (Male) |
| 27:02 | Create | Knight ×2 |
| 27:02 | Create | Knight ×2 |
| 27:09 | Build | Mining Camp |
| 27:19 | Create | Villager (Male) |
| 27:20 | Create | Villager (Male) |
| 27:23 | Build | Lumber Camp |
| 27:38 | Create | Knight ×2 |
| 27:39 | Create | Knight ×2 |
| 28:11 | Create | Knight ×2 |
| 28:11 | Create | Knight ×2 |
| 28:12 | Create | Villager (Male) |
| 28:12 | Create | Villager (Male) |
| 28:15 | Build | Farm |
| 28:15 | Build | Farm |
| 28:15 | Build | Farm |
| 28:26 | Create | Villager (Male) |
| 28:41 | Research | Iron Casting |
| 28:41 | Research | Iron Casting |
| 28:59 | Create | Villager (Male) |
| 29:14 | Create | Knight |
| 29:14 | Create | Knight |
| 29:20 | Build | Farm |
| 29:20 | Build | Farm |
| 29:20 | Build | Farm |
| 29:21 | Build | Farm |
Build order — LMG_Leonardo
First 150 of 387 actions detected
| 0:13 | Build | Town Center |
| 0:26 | Build | House |
| 1:41 | Build | House |
| 2:40 | Create | Villager (Male) |
| 2:40 | Create | Villager (Male) |
| 2:41 | Create | Villager (Male) |
| 2:41 | Create | Villager (Male) |
| 2:41 | Create | Villager (Male) |
| 3:38 | Build | House |
| 3:45 | Create | Villager (Male) |
| 3:45 | Create | Villager (Male) |
| 4:18 | Create | Villager (Male) |
| 4:18 | Create | Villager (Male) |
| 4:47 | Create | Villager (Male) |
| 4:47 | Create | Villager (Male) |
| 4:47 | Create | Villager (Male) |
| 5:22 | Build | Lumber Camp |
| 5:27 | Build | House |
| 5:31 | Create | Villager (Male) |
| 5:31 | Create | Villager (Male) |
| 5:32 | Create | Villager (Male) |
| 5:40 | Build | House |
| 6:43 | Create | Villager (Male) |
| 6:44 | Create | Villager (Male) |
| 6:44 | Create | Villager (Male) |
| 6:44 | Create | Villager (Male) |
| 6:51 | Build | House |
| 7:05 | Create | Villager (Male) |
| 7:20 | Create | Villager (Male) |
| 7:33 | Research | Loom |
| 8:13 | Build | Mining Camp |
| 9:18 | Research | Feudal Age |
| 9:57 | Create | Villager (Male) |
| 9:57 | Create | Villager (Male) |
| 10:37 | Build | Barracks |
| 10:43 | Create | Villager (Male) |
| 10:44 | Create | Villager (Male) |
| 10:55 | Build | House |
| 11:30 | Age | Feudal Age |
| 11:40 | Build | Archery Range |
| 12:13 | Build | House |
| 12:16 | Create | Villager (Male) |
| 12:29 | Research | Double-Bit Axe |
| 12:35 | Create | Archer |
| 12:35 | Create | Archer |
| 12:53 | Build | Watch Tower |
| 12:58 | Create | Archer |
| 12:58 | Create | Archer |
| 13:00 | Create | Villager (Male) |
| 13:00 | Create | Villager (Male) |
| 13:01 | Create | Villager (Male) |
| 13:18 | Create | Archer |
| 13:38 | Build | Watch Tower |
| 13:45 | Create | Villager (Male) |
| 13:46 | Create | Archer |
| 13:46 | Create | Archer |
| 14:11 | Build | Blacksmith |
| 14:56 | Create | Skirmisher |
| 14:57 | Create | Skirmisher |
| 14:57 | Create | Skirmisher |
| 15:15 | Create | Villager (Male) |
| 15:17 | Create | Archer |
| 15:17 | Create | Archer |
| 15:17 | Create | Archer |
| 15:40 | Create | Spearman |
| 15:50 | Create | Villager (Male) |
| 15:50 | Create | Villager (Male) |
| 15:54 | Create | Archer |
| 16:29 | Create | Villager (Male) |
| 16:31 | Build | House |
| 16:34 | Build | Mill |
| 16:46 | Build | House |
| 16:48 | Build | House |
| 16:56 | Create | Villager (Male) |
| 17:08 | Build | Mining Camp |
| 17:17 | Research | Fletching |
| 17:39 | Build | Mining Camp |
| 18:30 | Create | Villager (Male) |
| 18:30 | Create | Villager (Male) |
| 18:56 | Create | Villager (Male) |
| 18:58 | Research | Wheelbarrow |
| 19:06 | Build | Watch Tower |
| 19:34 | Create | Villager (Male) |
| 19:34 | Create | Villager (Male) |
| 19:45 | Build | Lumber Camp |
| 20:02 | Create | Villager (Male) |
| 20:58 | Create | Villager (Male) |
| 21:19 | Build | Farm |
| 21:19 | Build | Farm |
| 21:21 | Create | Villager (Male) |
| 21:21 | Create | Villager (Male) |
| 21:52 | Build | Market |
| 22:54 | Create | Villager (Male) |
| 22:54 | Create | Villager (Male) |
| 22:54 | Create | Villager (Male) |
| 23:23 | Build | Mill |
| 23:55 | Create | Villager (Male) |
| 23:55 | Create | Villager (Male) |
| 23:56 | Create | Villager (Male) |
| 24:06 | Create | Villager (Male) |
| 24:25 | Build | Mill |
| 24:44 | Build | Stable |
| 25:07 | Build | Mill |
| 25:26 | Build | Farm |
| 25:26 | Build | Farm |
| 25:38 | Research | Castle Age |
| 25:58 | Build | Palisade Wall |
| 26:02 | Build | Palisade Wall |
| 26:04 | Build | Palisade Wall |
| 27:04 | Create | Villager (Male) |
| 27:05 | Create | Villager (Male) |
| 27:13 | Build | Mill |
| 27:57 | Research | Scale Barding Armor |
| 28:06 | Build | Stable |
| 28:08 | Build | Stable |
| 28:17 | Create | Villager (Male) |
| 28:38 | Create | Villager (Male) |
| 28:40 | Age | Castle Age |
| 28:51 | Research | Bloodlines |
| 28:55 | Create | Scout Cavalry |
| 28:55 | Create | Scout Cavalry |
| 28:55 | Create | Scout Cavalry |
| 29:26 | Build | Town Center |
| 29:45 | Create | Scout Cavalry |
| 29:45 | Create | Scout Cavalry |
| 29:45 | Create | Scout Cavalry |
| 30:05 | Create | Scout Cavalry |
| 30:05 | Create | Scout Cavalry |
| 30:05 | Create | Scout Cavalry |
| 30:06 | Create | Scout Cavalry |
| 30:14 | Build | House |
| 30:27 | Create | Scout Cavalry |
| 30:47 | Create | Villager (Male) |
| 30:47 | Create | Villager (Male) |
| 30:47 | Create | Villager (Male) |
| 30:47 | Create | Villager (Male) |
| 31:02 | Build | Farm |
| 31:02 | Build | Farm |
| 31:23 | Build | Town Center |
| 31:40 | Research | Light Cavalry (upgrade) |
| 31:42 | Create | Villager (Male) |
| 31:42 | Create | Villager (Male) |
| 31:42 | Create | Villager (Male) |
| 31:42 | Create | Villager (Male) |
| 31:42 | Create | Villager (Male) |
| 32:08 | Create | Scout Cavalry |
| 32:29 | Create | Villager (Male) |
| 32:33 | Create | Villager (Male) |
| 32:33 | Create | Villager (Male) |
| 32:50 | Create | Villager (Male) |
Build order — Khruner
First 150 of 302 actions detected
| 2:09 | Build | Town Center |
| 3:57 | Create | Villager (Male) |
| 3:57 | Create | Villager (Male) |
| 3:58 | Create | Villager (Male) |
| 3:58 | Create | Villager (Male) |
| 4:00 | Build | House |
| 4:02 | Build | House |
| 4:53 | Create | Villager (Male) |
| 5:43 | Create | Villager (Male) |
| 5:59 | Create | Villager (Male) |
| 6:10 | Build | Mill |
| 6:24 | Create | Villager (Male) |
| 6:24 | Create | Villager (Male) |
| 7:19 | Create | Villager (Male) |
| 7:56 | Research | Loom |
| 7:58 | Create | Villager (Male) |
| 7:58 | Create | Villager (Male) |
| 8:43 | Build | Lumber Camp |
| 8:49 | Build | House |
| 9:07 | Create | Villager (Male) |
| 9:08 | Create | Villager (Male) |
| 9:08 | Create | Villager (Male) |
| 9:19 | Build | House |
| 10:30 | Create | Villager (Male) |
| 10:30 | Create | Villager (Male) |
| 10:30 | Create | Villager (Male) |
| 11:02 | Build | Barracks |
| 11:33 | Create | Villager (Male) |
| 11:46 | Create | Villager (Male) |
| 12:03 | Build | Farm |
| 12:03 | Build | Farm |
| 12:06 | Create | Villager (Male) |
| 12:35 | Create | Villager (Male) |
| 12:37 | Create | Villager (Male) |
| 13:13 | Build | House |
| 13:17 | Build | House |
| 13:31 | Create | Villager (Male) |
| 13:34 | Build | Mining Camp |
| 13:38 | Create | Militia |
| 13:38 | Create | Militia |
| 13:48 | Research | Feudal Age |
| 14:37 | Build | Outpost |
| 14:58 | Build | Palisade Wall |
| 15:11 | Build | Palisade Wall |
| 15:17 | Build | Palisade Wall |
| 15:23 | Build | Palisade Wall |
| 15:27 | Build | Palisade Gate |
| 15:35 | Build | Palisade Wall |
| 15:41 | Create | Militia |
| 15:46 | Build | Farm |
| 15:47 | Build | Farm |
| 15:55 | Create | Villager (Male) |
| 15:55 | Create | Villager (Male) |
| 15:56 | Create | Villager (Male) |
| 16:25 | Age | Feudal Age |
| 16:30 | Research | Man-at-Arms (upgrade) |
| 16:32 | Create | Villager (Male) |
| 16:34 | Build | Farm |
| 17:47 | Create | Villager (Male) |
| 17:52 | Create | Spearman |
| 17:52 | Create | Militia |
| 18:02 | Build | House |
| 18:10 | Build | Farm |
| 18:10 | Build | Farm |
| 18:10 | Build | Farm |
| 18:10 | Build | Farm |
| 18:11 | Build | Farm |
| 18:21 | Build | Farm |
| 18:24 | Build | Farm |
| 18:49 | Create | Villager (Male) |
| 18:50 | Create | Villager (Male) |
| 18:57 | Build | Farm |
| 18:57 | Build | Farm |
| 18:57 | Build | Farm |
| 19:00 | Create | Villager (Male) |
| 19:03 | Create | Militia |
| 19:04 | Create | Spearman |
| 19:35 | Create | Militia |
| 19:36 | Create | Spearman |
| 19:42 | Build | Blacksmith |
| 19:53 | Build | House |
| 19:54 | Build | House |
| 20:33 | Research | Padded Archer Armor |
| 20:34 | Research | Fletching |
| 20:39 | Create | Villager (Male) |
| 20:40 | Create | Villager (Male) |
| 20:40 | Create | Villager (Male) |
| 20:43 | Build | Farm |
| 20:43 | Build | Farm |
| 20:43 | Build | Farm |
| 21:18 | Research | Forging |
| 21:18 | Research | Scale Mail Armor |
| 22:55 | Build | Farm |
| 22:55 | Build | Farm |
| 22:57 | Create | Villager (Male) |
| 23:47 | Build | Market |
| 23:49 | Create | Villager (Male) |
| 23:57 | Build | Mining Camp |
| 24:47 | Research | Castle Age |
| 25:21 | Build | Archery Range |
| 25:23 | Build | Archery Range |
| 25:26 | Build | Barracks |
| 26:00 | Create | Skirmisher |
| 26:04 | Research | Fletching |
| 26:40 | Create | Skirmisher |
| 26:45 | Create | Militia |
| 26:45 | Create | Militia |
| 26:47 | Create | Militia |
| 26:47 | Create | Militia |
| 26:52 | Create | Skirmisher |
| 27:08 | Create | Spearman |
| 27:08 | Create | Spearman |
| 27:09 | Create | Militia |
| 27:09 | Create | Militia |
| 27:13 | Create | Skirmisher |
| 27:16 | Create | Skirmisher |
| 27:16 | Create | Skirmisher |
| 27:16 | Create | Skirmisher |
| 27:27 | Age | Castle Age |
| 27:43 | Build | House |
| 27:45 | Build | House |
| 28:00 | Build | Town Center |
| 29:05 | Create | Villager (Male) |
| 29:05 | Create | Villager (Male) |
| 29:06 | Create | Villager (Male) |
| 29:06 | Create | Villager (Male) |
| 29:06 | Create | Villager (Male) |
| 29:12 | Research | Wheelbarrow |
| 29:36 | Research | Horse Collar |
| 29:43 | Research | Double-Bit Axe |
| 29:48 | Build | Farm |
| 29:56 | Create | Villager (Male) |
| 29:59 | Create | Villager (Male) |
| 30:00 | Create | Villager (Male) |
| 30:01 | Create | Villager (Male) |
| 30:02 | Create | Villager (Male) |
| 30:02 | Create | Villager (Male) |
| 30:34 | Research | Elite Skirmisher (upgrade) |
| 30:37 | Create | Skirmisher |
| 30:37 | Create | Skirmisher |
| 30:39 | Research | Bodkin Arrow |
| 30:49 | Build | Farm |
| 31:11 | Research | Leather Archer Armor |
| 32:05 | Create | Skirmisher |
| 32:05 | Create | Skirmisher |
| 32:05 | Create | Skirmisher |
| 32:09 | Research | Pikeman (upgrade) |
| 32:14 | Research | Squires |
| 32:16 | Research | Chain Mail Armor |
| 32:17 | Create | Skirmisher |
Build order — LMG_SON SABANDIJAS
First 150 of 373 actions detected
| 0:32 | Build | Town Center |
| 1:23 | Build | Palisade Wall |
| 1:24 | Build | Palisade Wall |
| 1:25 | Build | Palisade Wall |
| 1:26 | Build | Palisade Wall |
| 2:41 | Create | Villager (Male) |
| 2:41 | Create | Villager (Male) |
| 2:41 | Create | Villager (Male) |
| 2:57 | Create | Villager (Male) |
| 2:58 | Create | Villager (Male) |
| 4:13 | Create | Villager (Male) |
| 4:13 | Create | Villager (Male) |
| 4:28 | Create | Villager (Male) |
| 4:28 | Create | Villager (Male) |
| 4:31 | Research | Loom |
| 4:35 | Create | Villager (Male) |
| 5:07 | Create | Villager (Male) |
| 5:07 | Create | Villager (Male) |
| 5:08 | Create | Villager (Male) |
| 5:27 | Create | Villager (Male) |
| 5:27 | Create | Villager (Male) |
| 5:27 | Create | Villager (Male) |
| 6:08 | Create | Villager (Male) |
| 6:08 | Create | Villager (Male) |
| 6:32 | Create | Villager (Male) |
| 6:32 | Create | Villager (Male) |
| 6:47 | Create | Villager (Male) |
| 6:47 | Create | Villager (Male) |
| 7:29 | Create | Villager (Male) |
| 7:29 | Create | Villager (Male) |
| 7:42 | Create | Villager (Male) |
| 7:42 | Create | Villager (Male) |
| 7:56 | Create | Villager (Male) |
| 7:57 | Create | Villager (Male) |
| 7:57 | Create | Villager (Male) |
| 8:04 | Create | Villager (Male) |
| 8:08 | Create | Villager (Male) |
| 8:08 | Create | Villager (Male) |
| 8:19 | Build | Lumber Camp |
| 9:00 | Create | Villager (Male) |
| 9:00 | Create | Villager (Male) |
| 10:24 | Create | Villager (Male) |
| 10:36 | Build | Mill |
| 10:42 | Create | Villager (Male) |
| 11:14 | Research | Feudal Age |
| 11:14 | Research | Feudal Age |
| 12:05 | Build | Barracks |
| 12:11 | Build | Palisade Gate |
| 12:16 | Build | Palisade Wall |
| 12:18 | Build | Palisade Wall |
| 12:23 | Build | Palisade Wall |
| 12:24 | Build | Palisade Wall |
| 13:36 | Age | Feudal Age |
| 13:39 | Build | Stable |
| 13:44 | Create | Villager (Male) |
| 13:44 | Create | Villager (Male) |
| 13:45 | Create | Villager (Male) |
| 13:45 | Create | Villager (Male) |
| 14:03 | Research | Double-Bit Axe |
| 14:03 | Research | Double-Bit Axe |
| 14:20 | Create | Militia |
| 14:20 | Create | Militia |
| 14:20 | Create | Militia |
| 14:31 | Create | Villager (Male) |
| 14:31 | Create | Villager (Male) |
| 14:38 | Create | Villager (Male) |
| 15:01 | Create | Scout Cavalry |
| 15:01 | Create | Scout Cavalry |
| 15:36 | Create | Villager (Male) |
| 15:41 | Create | Scout Cavalry |
| 15:41 | Create | Scout Cavalry |
| 15:44 | Create | Villager (Male) |
| 15:47 | Build | Blacksmith |
| 15:53 | Create | Villager (Male) |
| 15:54 | Create | Villager (Male) |
| 16:06 | Create | Villager (Male) |
| 16:17 | Create | Scout Cavalry |
| 16:20 | Research | Forging |
| 16:26 | Build | Stable |
| 16:48 | Create | Villager (Male) |
| 16:49 | Create | Villager (Male) |
| 16:56 | Research | Scale Barding Armor |
| 17:12 | Create | Scout Cavalry |
| 17:12 | Create | Scout Cavalry |
| 17:22 | Build | Mill |
| 17:23 | Create | Spearman |
| 17:23 | Create | Spearman |
| 17:30 | Create | Scout Cavalry |
| 18:05 | Create | Villager (Male) |
| 18:05 | Create | Villager (Male) |
| 18:22 | Create | Scout Cavalry |
| 19:00 | Create | Spearman |
| 19:10 | Create | Villager (Male) |
| 19:11 | Create | Villager (Male) |
| 19:12 | Build | Farm |
| 19:13 | Build | Farm |
| 19:13 | Build | Farm |
| 19:13 | Build | Farm |
| 19:13 | Build | Farm |
| 19:49 | Build | Mill |
| 20:00 | Create | Villager (Male) |
| 20:00 | Create | Villager (Male) |
| 20:02 | Create | Spearman |
| 20:03 | Create | Spearman |
| 20:46 | Create | Villager (Male) |
| 20:47 | Create | Villager (Male) |
| 20:47 | Create | Villager (Male) |
| 21:11 | Create | Villager (Male) |
| 21:24 | Create | Villager (Male) |
| 21:25 | Create | Villager (Male) |
| 21:59 | Create | Villager (Male) |
| 22:02 | Build | Farm |
| 22:02 | Build | Farm |
| 22:02 | Build | Farm |
| 22:03 | Create | Villager (Male) |
| 22:40 | Create | Villager (Male) |
| 22:44 | Build | Farm |
| 23:07 | Build | Mill |
| 23:09 | Create | Spearman |
| 23:09 | Create | Spearman |
| 23:21 | Build | Market |
| 23:24 | Create | Villager (Male) |
| 23:31 | Research | Horse Collar |
| 23:44 | Build | Archery Range |
| 23:46 | Build | Archery Range |
| 24:13 | Research | Castle Age |
| 24:13 | Research | Castle Age |
| 24:31 | Build | Archery Range |
| 24:36 | Research | Fletching |
| 24:54 | Build | Lumber Camp |
| 25:04 | Research | Bloodlines |
| 25:04 | Research | Bloodlines |
| 25:13 | Create | Villager (Male) |
| 25:13 | Create | Villager (Male) |
| 26:05 | Research | Padded Archer Armor |
| 26:18 | Create | Spearman |
| 26:35 | Create | Villager (Male) |
| 26:53 | Age | Castle Age |
| 26:57 | Create | Cavalry Archer |
| 26:57 | Create | Cavalry Archer |
| 26:57 | Create | Cavalry Archer |
| 26:57 | Create | Cavalry Archer |
| 27:03 | Research | Bodkin Arrow |
| 27:05 | Create | Cavalry Archer |
| 27:05 | Create | Cavalry Archer |
| 27:32 | Build | Mill |
| 27:44 | Create | Cavalry Archer |
| 27:45 | Create | Cavalry Archer |
| 27:48 | Create | Villager (Male) |
| 27:48 | Create | Villager (Male) |
Build order — lucasmauriciogona
First 150 of 223 actions detected
| 0:18 | Build | Mill |
| 0:19 | Build | House |
| 0:42 | Build | Town Center |
| 2:25 | Build | Palisade Wall |
| 2:32 | Build | Palisade Wall |
| 2:34 | Build | Palisade Wall |
| 2:36 | Build | Palisade Wall |
| 2:54 | Create | Villager (Male) |
| 2:54 | Create | Villager (Male) |
| 2:54 | Create | Villager (Male) |
| 2:55 | Create | Villager (Male) |
| 4:25 | Build | House |
| 4:34 | Create | Villager (Male) |
| 4:34 | Research | Loom |
| 4:58 | Create | Villager (Male) |
| 5:29 | Create | Villager (Male) |
| 6:14 | Create | Villager (Male) |
| 6:14 | Create | Villager (Male) |
| 6:32 | Build | Mill |
| 6:36 | Create | Villager (Male) |
| 6:36 | Create | Villager (Male) |
| 6:43 | Build | House |
| 7:24 | Create | Villager (Male) |
| 7:24 | Create | Villager (Male) |
| 7:45 | Create | Villager (Male) |
| 7:45 | Create | Villager (Male) |
| 7:56 | Create | Villager (Male) |
| 8:00 | Build | Mill |
| 8:26 | Create | Villager (Male) |
| 8:26 | Create | Villager (Male) |
| 9:11 | Create | Villager (Male) |
| 9:11 | Create | Villager (Male) |
| 9:31 | Create | Villager (Male) |
| 9:31 | Create | Villager (Male) |
| 9:43 | Build | Mill |
| 10:02 | Create | Villager (Male) |
| 10:03 | Create | Villager (Male) |
| 10:18 | Build | House |
| 10:53 | Create | Villager (Male) |
| 10:59 | Build | Lumber Camp |
| 11:19 | Create | Villager (Male) |
| 11:29 | Research | Double-Bit Axe |
| 12:06 | Create | Villager (Male) |
| 12:27 | Create | Villager (Male) |
| 12:57 | Create | Villager (Male) |
| 13:19 | Research | Feudal Age |
| 13:19 | Research | Feudal Age |
| 14:03 | Build | Barracks |
| 15:32 | Age | Feudal Age |
| 15:45 | Build | Watch Tower |
| 15:45 | Create | Villager (Male) |
| 15:51 | Build | Blacksmith |
| 16:03 | Create | Villager (Male) |
| 16:05 | Research | Bow Saw |
| 16:11 | Build | Watch Tower |
| 16:13 | Build | Palisade Wall |
| 16:14 | Build | Palisade Wall |
| 16:14 | Build | Palisade Wall |
| 16:15 | Build | Palisade Wall |
| 16:15 | Build | Palisade Wall |
| 16:16 | Build | Palisade Wall |
| 16:16 | Build | Palisade Wall |
| 16:17 | Build | Palisade Wall |
| 16:22 | Build | House |
| 16:26 | Research | Town Watch |
| 16:32 | Research | Fletching |
| 16:34 | Create | Villager (Male) |
| 16:55 | Build | Archery Range |
| 17:42 | Create | Villager (Male) |
| 17:42 | Create | Villager (Male) |
| 17:47 | Build | Palisade Wall |
| 18:21 | Create | Villager (Male) |
| 18:27 | Build | Palisade Wall |
| 18:32 | Build | Watch Tower |
| 18:34 | Build | Palisade Wall |
| 18:35 | Build | Palisade Wall |
| 18:35 | Build | Palisade Wall |
| 18:36 | Build | Palisade Wall |
| 18:36 | Build | Palisade Wall |
| 18:39 | Create | Villager (Male) |
| 18:42 | Create | Skirmisher |
| 18:42 | Create | Skirmisher |
| 18:59 | Build | House |
| 19:03 | Create | Villager (Male) |
| 19:09 | Build | Mining Camp |
| 19:23 | Create | Skirmisher |
| 20:05 | Create | Villager (Male) |
| 20:06 | Create | Villager (Male) |
| 20:43 | Create | Skirmisher |
| 21:37 | Build | Town Center |
| 23:22 | Research | Wheelbarrow |
| 24:20 | Create | Villager (Male) |
| 24:20 | Create | Villager (Male) |
| 24:46 | Build | Market |
| 24:50 | Create | Villager (Male) |
| 24:51 | Create | Villager (Male) |
| 25:13 | Create | Skirmisher |
| 25:13 | Create | Skirmisher |
| 25:14 | Create | Skirmisher |
| 25:27 | Build | Mining Camp |
| 25:37 | Build | House |
| 25:38 | Build | House |
| 25:43 | Research | Padded Archer Armor |
| 26:17 | Research | Gold Mining |
| 26:35 | Build | Mining Camp |
| 26:52 | Create | Villager (Male) |
| 26:53 | Create | Villager (Male) |
| 27:49 | Research | Hand Cart |
| 28:19 | Build | Palisade Wall |
| 28:27 | Research | Stone Mining |
| 28:30 | Create | Villager (Male) |
| 28:31 | Create | Villager (Male) |
| 29:09 | Build | Farm |
| 29:11 | Build | Farm |
| 29:14 | Build | Farm |
| 29:15 | Build | Farm |
| 32:20 | Build | Town Center |
| 33:29 | Build | Farm |
| 33:31 | Build | Farm |
| 33:32 | Build | Farm |
| 33:34 | Build | Farm |
| 33:35 | Build | Farm |
| 33:43 | Build | Farm |
| 33:45 | Build | Farm |
| 33:46 | Build | Farm |
| 33:48 | Build | Farm |
| 33:49 | Build | Farm |
| 33:52 | Build | Farm |
| 35:50 | Research | Castle Age |
| 36:08 | Research | Horse Collar |
| 36:29 | Research | Heavy Plow |
| 37:14 | Research | Gold Shaft Mining |
| 37:16 | Research | Stone Shaft Mining |
| 38:15 | Create | Villager (Male) |
| 38:15 | Create | Villager (Male) |
| 38:30 | Age | Castle Age |
| 38:40 | Build | Castle |
| 38:58 | Build | House |
| 39:04 | Create | Villager (Male) |
| 39:04 | Create | Villager (Male) |
| 39:13 | Build | Mining Camp |
| 39:23 | Create | Villager (Male) |
| 39:24 | Create | Villager (Male) |
| 39:48 | Research | Burgundian Vineyards |
| 39:51 | Create | Villager (Male) |
| 39:51 | Create | Villager (Male) |
| 40:44 | Build | Blacksmith |
| 41:29 | Create | Villager (Male) |
| 41:30 | Create | Villager (Male) |
| 41:46 | Research | Bodkin Arrow |
Match timeline
| 1:23 | LMG_SON SABANDIJAS · wall_segment Palisade Wall x1 |
| 1:24 | LMG_SON SABANDIJAS · wall_segment Palisade Wall x1 |
| 1:25 | LMG_SON SABANDIJAS · wall_segment Palisade Wall x1 |
| 1:26 | LMG_SON SABANDIJAS · wall_segment Palisade Wall x1 |
| 2:25 | lucasmauriciogona · wall_segment Palisade Wall x1 |
| 2:32 | lucasmauriciogona · wall_segment Palisade Wall x1 |
| 2:34 | lucasmauriciogona · wall_segment Palisade Wall x1 |
| 2:36 | lucasmauriciogona · wall_segment Palisade Wall x1 |
| 10:37 | LMG_Leonardo · first_building Barracks |
| 10:45 | Safi · first_building Barracks |
| 11:02 | Khruner · first_building Barracks |
| 11:30 | LMG_Leonardo · age_up feudal |
| 11:40 | LMG_Leonardo · first_building Archery Range |
| 12:05 | LMG_SON SABANDIJAS · first_building Barracks |
| 12:16 | LMG_SON SABANDIJAS · wall_segment Palisade Wall x3 |
| 12:18 | LMG_SON SABANDIJAS · wall_segment Palisade Wall x4 |
| 12:23 | LMG_SON SABANDIJAS · wall_segment Palisade Wall x1 |
| 12:24 | LMG_SON SABANDIJAS · wall_segment Palisade Wall x1 |
| 12:32 | Safi · age_up feudal |
| 12:34 | Safi · first_building Stable |
| 13:36 | LMG_SON SABANDIJAS · age_up feudal |
| 13:39 | LMG_SON SABANDIJAS · first_building Stable |
| 14:03 | lucasmauriciogona · first_building Barracks |
| 14:32 | LMG_HERA DE TEMU · age_up feudal |
| 14:58 | Khruner · wall_segment Palisade Wall x10 |
| 15:11 | Khruner · wall_segment Palisade Wall x14 |
| 15:17 | Khruner · wall_segment Palisade Wall x10 |
| 15:23 | Khruner · wall_segment Palisade Wall x8 |
| 15:32 | lucasmauriciogona · age_up feudal |
| 15:35 | Khruner · wall_segment Palisade Wall x16 |
| 16:10 | LMG_HERA DE TEMU · wall_segment Palisade Wall x1 |
| 16:13 | lucasmauriciogona · wall_segment Palisade Wall x1 |
| 16:14 | lucasmauriciogona · wall_segment Palisade Wall x1 |
| 16:14 | lucasmauriciogona · wall_segment Palisade Wall x1 |
| 16:15 | lucasmauriciogona · wall_segment Palisade Wall x1 |
| 16:15 | lucasmauriciogona · wall_segment Palisade Wall x1 |
| 16:16 | lucasmauriciogona · wall_segment Palisade Wall x1 |
| 16:16 | lucasmauriciogona · wall_segment Palisade Wall x1 |
| 16:17 | lucasmauriciogona · wall_segment Palisade Wall x1 |
| 16:20 | LMG_HERA DE TEMU · wall_segment Palisade Wall x1 |
| 16:25 | Khruner · age_up feudal |
| 16:29 | LMG_HERA DE TEMU · wall_segment Palisade Wall x1 |
| 16:30 | LMG_HERA DE TEMU · wall_segment Palisade Wall x1 |
| 16:31 | LMG_HERA DE TEMU · wall_segment Palisade Wall x2 |
| 16:35 | LMG_HERA DE TEMU · wall_segment Palisade Wall x3 |
| 16:41 | LMG_HERA DE TEMU · wall_segment Palisade Wall x2 |
| 16:44 | LMG_HERA DE TEMU · wall_segment Palisade Wall x3 |
| 16:48 | LMG_HERA DE TEMU · wall_segment Palisade Wall x2 |
| 16:55 | lucasmauriciogona · first_building Archery Range |
| 17:07 | LMG_HERA DE TEMU · wall_segment Palisade Wall x1 |
| 17:10 | LMG_HERA DE TEMU · wall_segment Palisade Wall x1 |
| 17:31 | LMG_HERA DE TEMU · wall_segment Palisade Wall x1 |
| 17:47 | lucasmauriciogona · wall_segment Palisade Wall x1 |
| 18:13 | LMG_HERA DE TEMU · wall_segment Palisade Wall x1 |
| 18:14 | LMG_HERA DE TEMU · wall_segment Palisade Wall x1 |
| 18:15 | LMG_HERA DE TEMU · wall_segment Palisade Wall x1 |
| 18:27 | lucasmauriciogona · wall_segment Palisade Wall x1 |
| 18:34 | lucasmauriciogona · wall_segment Palisade Wall x1 |
| 18:35 | lucasmauriciogona · wall_segment Palisade Wall x1 |
| 18:35 | lucasmauriciogona · wall_segment Palisade Wall x1 |
| 18:36 | lucasmauriciogona · wall_segment Palisade Wall x1 |
| 18:36 | lucasmauriciogona · wall_segment Palisade Wall x1 |
| 18:40 | LMG_HERA DE TEMU · age_up castle |
| 19:12 | LMG_HERA DE TEMU · first_building Castle |
| 23:44 | LMG_SON SABANDIJAS · first_building Archery Range |
| 24:01 | LMG_SON SABANDIJAS · first_market_buy 100 food |
| 24:07 | Safi · age_up castle |
| 24:44 | LMG_Leonardo · first_building Stable |
| 24:49 | LMG_Leonardo · first_market_buy 100 food |
| 25:01 | LMG_HERA DE TEMU · first_market_buy 100 wood |
| 25:05 | LMG_HERA DE TEMU · first_building Siege Workshop |
| 25:21 | Khruner · first_building Archery Range |
| 25:58 | LMG_Leonardo · wall_segment Palisade Wall x6 |
| 26:02 | LMG_Leonardo · wall_segment Palisade Wall x3 |
| 26:04 | LMG_Leonardo · wall_segment Palisade Wall x4 |
| 26:53 | LMG_SON SABANDIJAS · age_up castle |
| 27:27 | Khruner · age_up castle |
| 28:19 | lucasmauriciogona · wall_segment Palisade Wall x3 |
| 28:40 | LMG_Leonardo · age_up castle |
| 30:19 | LMG_SON SABANDIJAS · first_market_sell 100 wood |
| 30:31 | LMG_Leonardo · first_market_sell 100 wood |
| 33:01 | Safi · first_market_buy 100 food |
| 34:22 | LMG_SON SABANDIJAS · first_building Castle |
| 35:54 | Khruner · first_building Monastery |
| 36:31 | Khruner · first_building Siege Workshop |
| 37:06 | LMG_SON SABANDIJAS · first_building Siege Workshop |
| 38:30 | lucasmauriciogona · age_up castle |
| 38:40 | lucasmauriciogona · first_building Castle |
| 39:16 | LMG_HERA DE TEMU · wall_segment Palisade Wall x1 |
| 39:17 | LMG_HERA DE TEMU · wall_segment Palisade Wall x1 |
| 39:18 | LMG_HERA DE TEMU · wall_segment Palisade Wall x1 |
| 39:19 | LMG_HERA DE TEMU · wall_segment Palisade Wall x1 |
| 39:25 | LMG_SON SABANDIJAS · wall_segment Stone Wall x4 |
| 39:29 | LMG_SON SABANDIJAS · wall_segment Stone Wall x3 |
| 39:31 | LMG_SON SABANDIJAS · wall_segment Stone Wall x4 |
| 39:33 | LMG_SON SABANDIJAS · wall_segment Stone Wall x1 |
| 40:38 | Safi · first_market_sell 100 wood |
| 40:59 | Khruner · wall_segment Palisade Wall x4 |
| 41:48 | LMG_HERA DE TEMU · first_building Barracks |
| 42:14 | Khruner · first_market_sell 100 food |
| 42:57 | LMG_Leonardo · first_building Castle |
| 43:03 | LMG_SON SABANDIJAS · first_building Monastery |
| 43:14 | Khruner · wall_segment Palisade Wall x1 |
| 43:16 | Khruner · wall_segment Palisade Wall x1 |
| 43:32 | lucasmauriciogona · wall_segment Palisade Wall x1 |
| 43:34 | lucasmauriciogona · wall_segment Palisade Wall x1 |
| 43:37 | lucasmauriciogona · wall_segment Palisade Wall x1 |
| 43:47 | lucasmauriciogona · wall_segment Palisade Wall x1 |
| 43:48 | lucasmauriciogona · wall_segment Palisade Wall x1 |
| 43:48 | lucasmauriciogona · wall_segment Palisade Wall x1 |
| 43:49 | lucasmauriciogona · wall_segment Palisade Wall x1 |
| 43:50 | lucasmauriciogona · wall_segment Palisade Wall x1 |
| 43:59 | Khruner · first_building Castle |
| 44:43 | Safi · first_building Castle |
| 45:28 | Khruner · age_up imperial |
| 45:45 | LMG_HERA DE TEMU · first_market_sell 100 food |
| 50:07 | LMG_Leonardo · age_up imperial |
| 51:54 | LMG_SON SABANDIJAS · age_up imperial |
| 52:37 | Khruner · resign |
[ AI ANALYSIS · 1 CREDIT ]
What really happened in this match?
Wolo.gg analyzes every decision: build order, eco, micro, common mistakes by bracket. Personalized analysis on WhatsApp or Discord in 30 seconds.
Civ guide
Vietnamese
Perfil
LMG_HERA DE TEMU